[Event "Titled Tuesday Blitz July 25 Early 2023"]
[White "Shturman, Arseniy"]
[Black "Astafurov, Arseniy"]
[WhiteFideId "34275797"]
[BlackFideId "24175218"]
[WhiteElo "2504"]
[BlackElo "2388"]
[Result "0-1"]
[Round "6"]
[TimeControl "180+2"]
[Date "2023.07.25"]
[WhiteClock "0:00:00"]
[BlackClock "0:00:20"]
[Board "140"]

1. e4 c5 2. Nf3 e6 3. d4 cxd4 4. Nxd4 Nc6 5. Nc3 Qc7 6. Be3 a6 7. g4 Nge7 8. Qd2 Nxd4 9. Bxd4 Nc6 10. Be3 Ne5 11. Be2 b5 12. Qd4 Bb7 13. f4 Nc4 14. Bxc4 Qxc4 15. Qxc4 bxc4 16. O-O-O Bb4 17. Bd4 Bxc3 18. Bxc3 Bxe4 19. Rhf1 f6 20. Rd4 d5 21. g5 fxg5 0-1


[Site "https://www.chess.com"]

[Event "Titled Tuesday Blitz July 25 Early 2023"]
[White "Omariev, Maksim"]
[Black "Bychkov, Vladimir"]
[WhiteFideId "4193423"]
[BlackFideId "24151513"]
[WhiteElo "2395"]
[BlackElo "2493"]
[Result "1-0"]
[Round "6"]
[TimeControl "180+2"]
[Date "2023.07.25"]
[WhiteClock "0:00:08"]
[BlackClock "0:00:46"]
[Board "141"]

1. g4 c6 2. Bg2 d6 3. h3 h5 4. g5 e5 5. d4 exd4 6. Qxd4 Ne7 7. e4 c5 8. Qe3 Nbc6 9. Ne2 Ng6 10. h4 Nce5 11. f4 Ng4 12. Qf3 Be7 13. Nbc3 Bd7 14. b3 Bc6 15. Bb2 Qa5 16. O-O-O O-O-O 17. Kb1 f6 18. Nd5 Rhe8 19. Ng3 c4 20. Nxh5 f5 21. exf5 c3 22. Bxc3 Bxd5 23. Rxd5 Qc7 24. fxg6 Ne3 25. Qxe3 Bf6 26. Qh3+ 1-0


[Site "https://www.chess.com"]

[Event "Titled Tuesday Blitz July 25 Early 2023"]
[White "Tarasova, Viktoriya"]
[Black "Shubenkova, Veronika"]
[WhiteFideId "4175840"]
[BlackFideId "44124040"]
[WhiteElo "2386"]
[BlackElo "2492"]
[Result "1/2-1/2"]
[Round "6"]
[TimeControl "180+2"]
[Date "2023.07.25"]
[WhiteClock "0:00:08"]
[BlackClock "0:00:08"]
[Board "142"]

1. d4 d5 2. c4 e6 3. Nc3 Nf6 4. cxd5 exd5 5. Bg5 Be7 6. e3 O-O 7. Bd3 c6 8. Nge2 Nbd7 9. O-O Re8 10. Qc2 Nf8 11. f3 h6 12. Bh4 b5 13. Rae1 Bd7 14. e4 dxe4 15. fxe4 Ng4 16. Bxe7 Qxe7 17. Qd2 b4 18. Na4 Nf6 19. Ng3 Ne6 20. Nf5 Qf8 21. Qf2 Nh7 22. d5 cxd5 23. exd5 Nc7 24. d6 Bxf5 25. Bxf5 Qxd6 26. Bxh7+ Kxh7 27. Qxf7 Rxe1 28. Rxe1 Rf8 29. Qb3 Qd2 30. Qe3 Qd6 31. h3 Nb5 32. Nc5 Nd4 33. Ne4 Qb6 34. Kh1 Rd8 35. Rd1 Kh8 36. Rd3 Ne6 37. Qxb6 axb6 38. Rxd8+ Nxd8 39. Nd6 Nc6 40. Nc4 b5 41. Nd6 Nd4 42. Kg1 Kh7 43. Kf2 Kg6 44. Ke3 Nc2+ 45. Kd2 Nd4 46. Kd3 Nc6 47. Nxb5 Kf5 48. Kc4 Kf4 49. Kc5 Ne5 50. Kxb4 Kg3 51. a4 Kxg2 52. a5 Kxh3 53. a6 g5 54. Kc5 Nd7+ 55. Kc6 Nb8+ 56. Kb7 Nxa6 57. Kxa6 g4 58. Nd4 g3 59. Ne2 g2 60. b4 Kg4 61. b5 Kf3 62. Ng1+ Kf2 63. Nh3+ Kg3 64. Ng1 Kf2 65. Nh3+ Kg3 66. Ng1 Kf2 1/2-1/2


[Site "https://www.chess.com"]

[Event "Titled Tuesday Blitz July 25 Early 2023"]
[White "Taboas Rodriguez, Daniel"]
[Black "Qiao, Cindy"]
[WhiteFideId "2208466"]
[BlackFideId "2620243"]
[WhiteElo "2491"]
[BlackElo "2381"]
[Result "1-0"]
[Round "6"]
[TimeControl "180+2"]
[Date "2023.07.25"]
[WhiteClock "0:01:06"]
[BlackClock "0:00:15"]
[Board "143"]

1. d4 d5 2. Nf3 Nf6 3. c4 e6 4. Bg5 Be7 5. Nc3 Nbd7 6. Rc1 c6 7. e3 dxc4 8. Bxc4 b5 9. Bd3 Bb7 10. O-O a6 11. Bxf6 Bxf6 12. Ne4 Be7 13. Qc2 h6 14. Rfd1 O-O 15. Nc5 Qc7 16. Nxd7 Qxd7 17. Ne5 Qd8 18. Nxc6 Bxc6 19. Qxc6 Qa5 20. a3 b4 21. Qc7 Qg5 22. f4 Qh4 23. g3 Qf6 24. a4 Rfd8 25. Qe5 a5 26. Rc6 Rd5 27. Qxf6 Bxf6 28. Rdc1 g6 29. Be4 Rdd8 30. R6c5 Ra7 31. Rb5 Kg7 32. Rcc5 Rad7 33. Bc6 Rd6 34. Rxa5 Bxd4 35. exd4 Rxd4 36. Rc2 b3 37. Rf2 Rc4 38. Bf3 Rc1+ 39. Kg2 Rc2 40. Rb5 Rxf2+ 41. Kxf2 Rd2+ 42. Be2 Rxb2 43. a5 1-0


[Site "https://www.chess.com"]

[Event "Titled Tuesday Blitz July 25 Early 2023"]
[White "Melikhov, Evgeny V."]
[Black "Schlecht, Daniel, Dr."]
[WhiteFideId "4122046"]
[BlackFideId "4623959"]
[WhiteElo "2379"]
[BlackElo "2490"]
[Result "0-1"]
[Round "6"]
[TimeControl "180+2"]
[Date "2023.07.25"]
[WhiteClock "0:00:38"]
[BlackClock "0:01:42"]
[Board "144"]

1. d4 Nf6 2. c4 g6 3. Nc3 d5 4. cxd5 Nxd5 5. e4 Nxc3 6. bxc3 Bg7 7. Bc4 O-O 8. Ne2 c5 9. Be3 Nc6 10. h4 cxd4 11. cxd4 Qa5+ 12. Kf1 b5 13. Bb3 Ba6 14. h5 b4 15. hxg6 hxg6 16. Rc1 Rac8 17. Bh6 Nxd4 18. Bxg7 Bxe2+ 19. Kg1 Bxd1 20. Bxd4 e5 21. Rxd1 exd4 22. g3 Qe5 23. Rh4 Kg7 24. Kg2 Rh8 25. Rf4 f6 26. Kf3 Rc3+ 0-1


[Site "https://www.chess.com"]

[Event "Titled Tuesday Blitz July 25 Early 2023"]
[White "Topalov, Aleksandar"]
[Black "Karamsetty, Jeevan"]
[WhiteFideId "925659"]
[BlackFideId "2025337"]
[WhiteElo "2377"]
[BlackElo "2485"]
[Result "0-1"]
[Round "6"]
[TimeControl "180+2"]
[Date "2023.07.25"]
[WhiteClock "0:00:01"]
[BlackClock "0:00:02"]
[Board "145"]

1. b3 d6 2. Bb2 Nd7 3. c4 Ngf6 4. g3 g6 5. Bg2 Bg7 6. Nf3 O-O 7. O-O e5 8. d4 Qe7 9. Nc3 exd4 10. Nxd4 Nc5 11. Re1 Ne6 12. Qd2 a6 13. Rac1 Rb8 14. Nd5 Nxd5 15. cxd5 Nc5 16. Qc2 a5 17. a3 Na6 18. Nb5 Bxb2 19. Qxb2 b6 20. Rc4 Rb7 21. Rec1 Bd7 22. Nxc7 Nc5 23. b4 Rxc7 24. bxc5 bxc5 25. Qb6 Rfc8 26. Qxa5 Rb7 27. Re4 Qg5 28. Qc3 Rb3 29. Qa1 Rcb8 30. h4 Qd8 31. Rec4 Bf5 32. e4 Bd7 33. R4c3 Rb2 34. R3c2 R2b3 35. Rc3 R3b5 36. Re3 Qa5 37. e5 dxe5 38. Qxe5 Bf5 39. d6 Rd8 40. Rec3 Rb6 41. Rxc5 Qxa3 42. Rc6 Rbb8 43. d7 Bxd7 44. R6c3 Qa7 45. Rd1 Be6 46. Rxd8+ Rxd8 47. Re3 Qd7 48. Kh2 h5 49. Qg5 Re8 50. Re5 Qc8 51. Bf3 Kg7 52. Bxh5 Qc2 53. Re3 Qxf2+ 54. Kh1 Bd5+ 55. Bf3 Rxe3 56. Qe5+ Rxe5 0-1


[Site "https://www.chess.com"]

[Event "Titled Tuesday Blitz July 25 Early 2023"]
[White "Harriott, Tyrell"]
[Black "Perske, Thore"]
[WhiteFideId "2086484"]
[BlackFideId "12902195"]
[WhiteElo "2377"]
[BlackElo "2485"]
[Result "1-0"]
[Round "6"]
[TimeControl "180+2"]
[Date "2023.07.25"]
[WhiteClock "0:00:25"]
[BlackClock "0:00:00"]
[Board "146"]

1. d4 d5 2. e3 Nf6 3. Bd3 c6 4. Nd2 Bg4 5. Ne2 e6 6. f4 Be7 7. O-O O-O 8. Nf3 Nbd7 9. Ng3 c5 10. c3 cxd4 11. exd4 Rb8 12. Qe2 a6 13. a4 Bxf3 14. Rxf3 Qa5 15. Bd2 Rfc8 16. Rff1 Nf8 17. Nh1 Qb6 18. Be1 Ne4 19. f5 Bd8 20. Bxe4 dxe4 21. Qxe4 Qxb2 22. Bg3 Bc7 23. Bxc7 Rxc7 24. f6 Qxc3 25. fxg7 Ng6 26. Ng3 Rd7 27. Rad1 Rbd8 28. Nh5 Rxd4 29. Qxb7 Qe3+ 30. Kh1 Qf2 31. Ra1 R4d7 32. Qxa6 Qh4 33. Nf6+ Kxg7 34. Nxd7 Rxd7 35. Qc6 Ne5 36. Qc3 Rd5 37. a5 Kh6 38. a6 Ng4 39. Qg3 1-0


[Site "https://www.chess.com"]

[Event "Titled Tuesday Blitz July 25 Early 2023"]
[White "Slavin, Alexey"]
[Black "luksona14"]
[WhiteFideId "24104388"]
[WhiteElo "2361"]
[BlackElo "2485"]
[Result "0-1"]
[Round "6"]
[TimeControl "180+2"]
[Date "2023.07.25"]
[WhiteClock "0:00:29"]
[BlackClock "0:01:28"]
[Board "147"]

1. e4 c5 2. g3 Nc6 3. Bg2 d6 4. Ne2 g6 5. O-O Bg7 6. Nbc3 e6 7. a3 Nge7 8. Rb1 O-O 9. b4 b6 10. d3 Bb7 11. Bd2 Nd4 12. Nxd4 cxd4 13. Ne2 Rc8 14. Rc1 Bc6 15. c4 dxc3 16. Bxc3 e5 17. f4 Qd7 18. Qb3 Ba4 19. Qa2 Bb5 20. Qd2 d5 21. Bxe5 f6 22. Bb2 dxe4 23. Bxe4 f5 24. Bxg7 Kxg7 25. Qb2+ Kh6 26. Bg2 Qxd3 27. Nd4 Bc4 28. Rfd1 Qe3+ 29. Kh1 Bd5 30. Rxc8 Bxg2+ 31. Qxg2 Rxc8 32. Nf3 Rc1 33. Qf1 Rxd1 34. Qxd1 Qxa3 35. Ng5 Qxb4 36. Qd8 Qe1+ 37. Kg2 Qe2+ 38. Kh3 Kh5 39. g4+ Qxg4# 0-1


[Site "https://www.chess.com"]

[Event "Titled Tuesday Blitz July 25 Early 2023"]
[White "marik_spb"]
[Black "Fajdetic, Hrvoje"]
[BlackFideId "14501945"]
[WhiteElo "2484"]
[BlackElo "2359"]
[Result "1-0"]
[Round "6"]
[TimeControl "180+2"]
[Date "2023.07.25"]
[WhiteClock "0:00:34"]
[BlackClock "0:00:06"]
[Board "148"]

1. e4 c5 2. c3 d5 3. exd5 Qxd5 4. Nf3 Bg4 5. d4 Nf6 6. dxc5 Bxf3 7. Qxf3 Qxf3 8. gxf3 e6 9. Be3 a5 10. Bb5+ Nc6 11. Nd2 Nd5 12. Nb3 Be7 13. a4 O-O 14. O-O-O Ne5 15. f4 Ng4 16. Rde1 Rac8 17. f5 Ndxe3 18. fxe3 Bg5 19. fxe6 fxe6 20. Bd7 Nxe3 21. Bxe6+ Kh8 22. Bxc8 Ng2+ 23. Kb1 Nxe1 24. Bxb7 Nd3 25. c6 Bf4 26. Rf1 Rf6 27. Rxf4 Nxf4 28. c7 Rf8 29. c8=Q Rxc8 30. Bxc8 g5 31. Nxa5 h5 32. Nc4 Nd3 33. a5 Nc5 34. a6 Nxa6 35. Bxa6 g4 36. b4 Kg7 37. b5 Kf6 38. b6 h4 39. b7 g3 40. hxg3 h3 41. b8=Q h2 42. Qe5+ Kg6 43. Qe4+ Kg5 44. Qh4+ Kg6 45. Qxh2 Kg5 46. Qh4+ 1-0


[Site "https://www.chess.com"]

[Event "Titled Tuesday Blitz July 25 Early 2023"]
[White "Sriniaiyer, Sudarshan"]
[Black "Spichkin, Alexander"]
[WhiteFideId "30937213"]
[BlackFideId "4144074"]
[WhiteElo "2358"]
[BlackElo "2476"]
[Result "0-1"]
[Round "6"]
[TimeControl "180+2"]
[Date "2023.07.25"]
[WhiteClock "0:00:11"]
[BlackClock "0:00:56"]
[Board "149"]

1. c4 f5 2. g3 Nf6 3. Bg2 d6 4. d4 e6 5. Nf3 Be7 6. O-O O-O 7. b3 a5 8. Nc3 Ne4 9. Bb2 Nxc3 10. Bxc3 c6 11. Qc2 Qe8 12. e4 f4 13. gxf4 Rxf4 14. Kh1 Qh5 15. Qd3 Nd7 16. Bd2 Rf8 17. Rg1 e5 18. Qe3 Nf6 19. Bf1 Ng4 20. Rxg4 Bxg4 21. Ng1 Rf4 22. Bg2 Raf8 23. f3 Bd7 24. Qc3 Rh4 25. h3 Bxh3 26. Nxh3 Rxh3+ 27. Kg1 Rhxf3 28. Qc2 Rf2 29. Rf1 Qe2 0-1


[Site "https://www.chess.com"]

[Event "Titled Tuesday Blitz July 25 Early 2023"]
[White "Smiechu"]
[Black "MateoReyes"]
[WhiteElo "2357"]
[BlackElo "2476"]
[Result "0-1"]
[Round "6"]
[TimeControl "180+2"]
[Date "2023.07.25"]
[WhiteClock "0:00:04"]
[BlackClock "0:00:50"]
[Board "150"]

1. e4 c5 2. Nf3 d6 3. d4 cxd4 4. Nxd4 Nf6 5. Nc3 a6 6. Be3 e5 7. Nb3 Be6 8. Qd2 Nbd7 9. O-O-O Rc8 10. f4 exf4 11. Bxf4 Ne5 12. h3 Qc7 13. g4 Be7 14. Be2 O-O 15. g5 Nfd7 16. h4 Nb6 17. Nd5 Bxd5 18. exd5 Nxd5 19. Bg3 Ne3 20. c3 Nxd1 21. Bxd1 b5 22. Kb1 a5 23. Nd4 b4 24. cxb4 axb4 25. Nf5 Rfe8 26. Ba4 Qb7 27. Re1 Red8 28. Bb3 Bf8 29. Rf1 Qe4+ 30. Ka1 Nf3 31. Bxf7+ Kxf7 32. Nd4 Kg8 33. Nxf3 Kh8 34. h5 Rc2 35. Qd1 Rdc8 36. Qb1 b3 37. a3 Qe2 38. Rf2 Qd3 39. Ne1 Qxg3 40. Rxc2 bxc2 41. Nxc2 Qf4 0-1


[Site "https://www.chess.com"]

[Event "Titled Tuesday Blitz July 25 Early 2023"]
[White "Papayan, Oleg"]
[Black "Andrews, Todd"]
[WhiteFideId "4193911"]
[BlackFideId "2012456"]
[WhiteElo "2472"]
[BlackElo "2352"]
[Result "1/2-1/2"]
[Round "6"]
[TimeControl "180+2"]
[Date "2023.07.25"]
[WhiteClock "0:00:05"]
[BlackClock "0:00:12"]
[Board "151"]

1. c4 e5 2. Nc3 Nc6 3. Nf3 Nf6 4. g3 d5 5. cxd5 Nxd5 6. Bg2 Nb6 7. O-O Be7 8. d3 g5 9. a3 a5 10. Be3 g4 11. Nd2 h5 12. Rc1 h4 13. Nb5 Be6 14. Nc4 Nd5 15. Qd2 Qd7 16. Bg5 hxg3 17. hxg3 f6 18. Be3 Kf7 19. f3 Rag8 20. Kf2 gxf3 21. Bxf3 Rh2+ 22. Kg1 Rh3 23. Bf2 Bd8 24. Bg2 Rhxg3 25. Bxg3 Rxg3 26. Qh6 Nf4 27. Rf2 Bh3 28. Ne3 Nd4 29. Qh4 Ndxe2+ 30. Kh2 Bxg2 31. Nxg2 Rxg2+ 32. Rxg2 Nxg2 33. Qh5+ Kf8 34. Qxe2 Nf4 35. Qe4 Qh3+ 36. Kg1 Qg3+ 37. Kf1 Be7 38. Rc2 Qxd3+ 39. Qxd3 Nxd3 40. Nxc7 e4 41. Ne6+ Kf7 42. Nd4 Kg6 43. Rc7 Bd6 44. Rxb7 Be5 45. Ne2 Nxb2 46. Rb5 a4 47. Nf4+ Kf5 48. Ne2 Kg4 49. Rb4 Kf3 50. Ng1+ Ke3 51. Ne2 f5 52. Rb5 f4 53. Rxe5 f3 54. Ng1 Kd4 55. Re8 Nc4 56. Rd8+ Kc3 57. Ra8 Kb3 58. Re8 Kxa3 59. Kf2 e3+ 60. Kxf3 Kb3 61. Rb8+ Kc3 62. Ne2+ Kc2 63. Ra8 a3 64. Ke4 Kb2 65. Kd3 a2 66. Kxc4 a1=Q 67. Rxa1 Kxa1 68. Kd3 Kb2 69. Kxe3 1/2-1/2


[Site "https://www.chess.com"]

[Event "Titled Tuesday Blitz July 25 Early 2023"]
[White "Dwilewicz, Katarzyna"]
[Black "UNSTOPPABLE_LEGEND"]
[WhiteFideId "1148486"]
[WhiteElo "2347"]
[BlackElo "2472"]
[Result "1-0"]
[Round "6"]
[TimeControl "180+2"]
[Date "2023.07.25"]
[WhiteClock "0:00:11"]
[BlackClock "0:00:11"]
[Board "152"]

1. e4 g6 2. d4 Bg7 3. Nc3 d6 4. Nf3 Nf6 5. Be2 O-O 6. O-O e5 7. dxe5 dxe5 8. Qxd8 Rxd8 9. Bg5 Re8 10. Rad1 h6 11. Be3 c6 12. h3 Nbd7 13. Nd2 b5 14. f3 a5 15. Nb3 Bf8 16. a4 b4 17. Nb1 c5 18. N1d2 Nb6 19. Bb5 Bd7 20. Nxc5 Bxc5 21. Bxc5 Nxa4 22. Bxa4 Bxa4 23. b3 Bb5 24. Rf2 Rac8 25. Bb6 Rxc2 26. Bxa5 Nh5 27. Nc4 Rc3 28. Bxb4 Rxb3 29. Nd6 Rxb4 30. Nxe8 Bxe8 31. Rd8 Kf8 32. Rc2 Ke7 33. Rd5 f6 34. Rc7+ Ke6 35. Rd8 Ba4 36. Ra8 Kd6 37. Rca7 Bc6 38. Rd8+ Kc5 39. Ra5+ Kb6 40. Ra1 Kc7 41. Rf8 Rb2 42. Rc1 g5 43. Rf7+ Kb6 44. Rh7 Nf4 45. Rxh6 Rxg2+ 46. Kh1 Bb7 47. Rxf6+ Ka7 48. Rxf4 Rg3 49. Rf7 Rxh3+ 50. Kg2 Rh6 51. Rb1 Rb6 52. Rxb6 Kxb6 53. Rf5 Kc5 54. Rxe5+ Kd4 55. Rxg5 Ke3 56. Rf5 Bc6 57. Rf6 Bb7 58. Kg3 Ba8 59. e5 Bd5 60. f4 Kd4 61. Kh4 Kc5 62. Kg5 Bb7 63. Rd6 Be4 64. f5 Bc6 65. f6 Be8 66. Rd2 Bf7 67. Kf5 1-0


[Site "https://www.chess.com"]

[Event "Titled Tuesday Blitz July 25 Early 2023"]
[White "Rodriguez Santiago, Jaime"]
[Black "Kopczynski, Michal"]
[WhiteFideId "3100898"]
[BlackFideId "1124200"]
[WhiteElo "2345"]
[BlackElo "2467"]
[Result "1-0"]
[Round "6"]
[TimeControl "180+2"]
[Date "2023.07.25"]
[WhiteClock "0:00:11"]
[BlackClock "0:00:01"]
[Board "153"]

1. c4 g6 2. g3 Bg7 3. Nc3 d6 4. Bg2 e5 5. e4 f5 6. d3 Nf6 7. Nge2 O-O 8. O-O Nc6 9. Nd5 fxe4 10. dxe4 Be6 11. Nec3 Qd7 12. Bg5 Rac8 13. Bxf6 Bxf6 14. Nxf6+ Rxf6 15. Nd5 Rf7 16. f4 Rcf8 17. b3 Bh3 18. f5 Bxg2 19. Kxg2 gxf5 20. exf5 Rxf5 21. Qg4+ Kh8 22. Ne3 h5 23. Rxf5 hxg4 24. Rxf8+ Kg7 25. Raf1 Nd4 26. R8f2 e4 27. Rf4 Nf3 28. Rxg4+ Kh7 29. Rd1 Qe6 30. Rd5 Ne5 31. Rxe4 Qf6 32. Rf4 Qg5 33. Rd2 Qg6 34. Rdf2 Qd3 35. Ng4 Ng6 36. Rf7+ Kh8 37. Nf6 Nh4+ 38. gxh4 Qg6+ 39. Ng4 Qxg4+ 40. Kf1 Qd1+ 41. Kg2 Qg4+ 42. Kh1 Qe4+ 43. R7f3 Qe1+ 44. Kg2 Qe4 45. Kg3 Qe5+ 46. Kh3 Qe6+ 47. Rf5 Qe3+ 48. Kg2 Qe4+ 49. R2f3 Qe2+ 50. Kg3 Qe4 51. h3 Kh7 52. Rf7+ Kh8 53. Rf8+ Kg7 54. R3f7+ Kg6 55. Rf6+ Kg7 56. Rf3 Qe5+ 57. R8f4 d5 58. cxd5 Qxd5 59. Kg4 Qe6+ 60. Rf5 Qe4+ 61. R3f4 Qg2+ 62. Kh5 Qxh3 63. Rg5+ Kh8 64. Rf8+ Kh7 65. Rf7+ Kh8 66. Rf6 Kh7 67. Rh6# 1-0


[Site "https://www.chess.com"]

[Event "Titled Tuesday Blitz July 25 Early 2023"]
[White "Chitlange Sakshi"]
[Black "Peiris, T G M"]
[WhiteFideId "35002899"]
[BlackFideId "9901310"]
[WhiteElo "2466"]
[BlackElo "2346"]
[Result "0-1"]
[Round "6"]
[TimeControl "180+2"]
[Date "2023.07.25"]
[WhiteClock "0:00:03"]
[BlackClock "0:00:17"]
[Board "154"]

1. d4 e6 2. Nf3 f5 3. g3 Nf6 4. Bg2 Be7 5. O-O O-O 6. c4 d6 7. Nc3 Nc6 8. Re1 e5 9. d5 Nb8 10. e4 a5 11. exf5 Bxf5 12. Ng5 Qd7 13. Ne6 Re8 14. Bg5 Na6 15. Qf3 Bg4 16. Qe3 Rab8 17. Bxf6 Bxf6 18. Ne4 Be7 19. Nc3 Kh8 20. Ng5 Bxg5 21. Qxg5 h6 22. Qe3 Rf8 23. Ne4 Qf5 24. Rac1 b6 25. Rc3 Qh5 26. a3 Rf7 27. Rcc1 Rbf8 28. Qd2 Bf3 29. Re3 Bxg2 30. Kxg2 Nc5 31. Nxc5 bxc5 32. Rf1 Qg4 33. Qd3 Rf4 34. b3 Rd4 35. Qc2 h5 36. h3 Qg5 37. Qe2 h4 38. a4 Rf6 39. Kh1 Qf5 40. g4 Qf4 41. Rg1 Qxf2 42. Qxf2 Rxf2 43. g5 Rdd2 44. Rc1 Rh2+ 45. Kg1 Rdg2+ 46. Kf1 Rxg5 47. Rf3 Rh1+ 48. Ke2 Rxc1 49. Rf8+ Kh7 0-1


[Site "https://www.chess.com"]

[Event "Titled Tuesday Blitz July 25 Early 2023"]
[White "Ncatt"]
[Black "Heinemann, Josefine"]
[BlackFideId "12900460"]
[WhiteElo "2341"]
[BlackElo "2463"]
[Result "0-1"]
[Round "6"]
[TimeControl "180+2"]
[Date "2023.07.25"]
[WhiteClock "0:00:48"]
[BlackClock "0:01:27"]
[Board "155"]

1. e4 c5 2. Nf3 d6 3. Bb5+ Nd7 4. a4 Nf6 5. Nc3 a6 6. Be2 b6 7. d4 cxd4 8. Qxd4 Bb7 9. O-O e5 10. Qe3 Be7 11. b3 O-O 12. Nd2 Qc7 13. Bf3 Rad8 14. Rd1 Nc5 15. Bb2 Ne6 16. Nc4 Nd4 17. Rd2 Rfe8 18. Nd5 Nxd5 19. exd5 Bf6 20. Be4 g6 21. Bxd4 exd4 22. Qf3 Bg7 23. Re1 f5 24. Rde2 fxe4 25. Rxe4 Rxe4 26. Qxe4 Bc8 27. Qe7 Qxe7 28. Rxe7 b5 29. axb5 axb5 30. Na5 Bf5 31. Nc6 Ra8 32. h4 Bxc2 0-1


[Site "https://www.chess.com"]

[Event "Titled Tuesday Blitz July 25 Early 2023"]
[White "K2JW"]
[Black "Ladan, Nicholas"]
[BlackFideId "30918855"]
[WhiteElo "2344"]
[BlackElo "2460"]
[Result "1-0"]
[Round "6"]
[TimeControl "180+2"]
[Date "2023.07.25"]
[WhiteClock "0:00:17"]
[BlackClock "0:00:08"]
[Board "156"]

1. d4 b6 2. e4 Bb7 3. Bd3 f5 4. exf5 Bxg2 5. Qh5+ g6 6. fxg6 Bg7 7. gxh7+ Kf8 8. Nf3 Nf6 9. Qg6 Bxf3 10. Rg1 Rxh7 11. Qg3 Be4 12. Bxe4 Nxe4 13. Qf3+ Kg8 14. Qxe4 Nc6 15. d5 Nd4 16. Qxd4 Qf8 17. Qf4 Qc8 18. Be3 Qa6 19. Nd2 Rf8 20. Qc4 Qa5 21. O-O-O b5 22. Qb3 d6 23. Bd4 Rf7 24. Bxg7 Rhxg7 25. Rxg7+ Rxg7 26. a3 Kf7 27. Qe3 Ke8 28. Nb3 Qb6 29. Qxb6 axb6 30. Nd4 Rg2 31. f4 Rxh2 32. Re1 Rh4 33. Nc6 e5 34. fxe5 dxe5 35. Rxe5+ Kd7 36. Nb4 Kd6 37. Re2 Kc5 38. Kd2 Kc4 39. b3+ Kc5 40. Re6 Kd4 41. c3+ Kc5 42. Rc6# 1-0


[Site "https://www.chess.com"]

[Event "Titled Tuesday Blitz July 25 Early 2023"]
[White "Pasti, Aron"]
[Black "Buscar, Michael"]
[WhiteFideId "785857"]
[BlackFideId "2603616"]
[WhiteElo "2457"]
[BlackElo "2338"]
[Result "1-0"]
[Round "6"]
[TimeControl "180+2"]
[Date "2023.07.25"]
[WhiteClock "0:00:10"]
[BlackClock "0:00:11"]
[Board "157"]

1. e4 c5 2. d4 cxd4 3. c3 Nf6 4. e5 Nd5 5. cxd4 Nc6 6. Nc3 Nxc3 7. bxc3 d5 8. Nf3 Bg4 9. Be2 e6 10. Rb1 Qc7 11. O-O Be7 12. Qb3 Rb8 13. Ba3 O-O 14. Bxe7 Nxe7 15. Qc2 Rfc8 16. Rfc1 Bxf3 17. Bxf3 Nf5 18. Qd3 Qa5 19. Rb5 Qxa2 20. Bxd5 Qa3 21. Rf1 Rxc3 22. Qe4 Nxd4 23. Qxd4 Rd3 24. Qc4 exd5 25. Qc7 Qf8 26. Rxb7 Rxb7 27. Qxb7 a5 28. Qb5 Qa3 29. Qb8+ Qf8 30. Qb5 Qa3 31. Re1 Qb4 32. Qe8+ Qf8 33. Qb5 Qb4 34. Qe8+ Qf8 35. Qc6 h6 36. e6 fxe6 37. Qxe6+ Kh7 38. Qa6 Qb4 39. Qxd3+ Kg8 40. Re8+ Kf7 41. Qe2 Qb1+ 42. Qe1 1-0


[Site "https://www.chess.com"]

[Event "Titled Tuesday Blitz July 25 Early 2023"]
[White "Vujacic, Igor"]
[Black "Tanmay Jain"]
[WhiteFideId "932620"]
[BlackFideId "45015481"]
[WhiteElo "2341"]
[BlackElo "2452"]
[Result "1-0"]
[Round "6"]
[TimeControl "180+2"]
[Date "2023.07.25"]
[WhiteClock "0:00:05"]
[BlackClock "0:00:48"]
[Board "158"]

1. d4 Nf6 2. Bf4 e6 3. e3 d5 4. Nf3 Bd6 5. Ne5 O-O 6. Nd2 b6 7. c3 Bb7 8. Bd3 c5 9. Bg3 Ne4 10. f3 Nxg3 11. hxg3 f5 12. f4 Nc6 13. g4 Bxe5 14. dxe5 d4 15. exd4 cxd4 16. Bc4 Qe7 17. gxf5 Rxf5 18. Qg4 Raf8 19. Bd3 dxc3 20. bxc3 Qc5 21. Bxf5 Rxf5 22. Qh3 h6 23. Qg3 Kh7 24. Ne4 Qc4 25. Nd6 Qd5 26. Nxf5 exf5 27. O-O Ne7 28. Rad1 Qe6 29. Rd6 Qf7 30. Rd7 Bc6 31. Rxa7 Qe6 32. Rd1 Ng6 33. Rd6 Qe8 34. Rxg6 Qxg6 35. Qxg6+ Kxg6 36. Ra6 Bd7 37. Rxb6+ Kf7 38. a3 Be6 39. Kf2 Bc4 40. g3 g5 41. Ke3 Ke7 42. Rxh6 Be2 43. Rf6 gxf4+ 44. gxf4 Bc4 45. Kd4 Be6 46. a4 Bd7 47. a5 Bc8 48. Kc5 Bb7 49. a6 Be4 50. a7 Kd7 51. Kb6 Kc8 52. Rc6+ Kd7 53. a8=Q Ke7 54. Qb7+ 1-0


[Site "https://www.chess.com"]

[Event "Titled Tuesday Blitz July 25 Early 2023"]
[White "Makhmudov, Shukhrat"]
[Black "Ljukin, Sergei"]
[WhiteFideId "14200775"]
[BlackFideId "14102200"]
[WhiteElo "2337"]
[BlackElo "2450"]
[Result "0-1"]
[Round "6"]
[TimeControl "180+2"]
[Date "2023.07.25"]
[WhiteClock "0:00:45"]
[BlackClock "0:01:02"]
[Board "159"]

1. e4 e6 2. Nf3 d5 3. e5 c5 4. b4 Nc6 5. bxc5 d4 6. Ba3 Qa5 7. Bd3 Bxc5 8. Bxc5 Qxc5 9. Qe2 Nge7 10. O-O Ng6 11. Re1 b6 12. Bxg6 hxg6 13. c3 Bd7 14. cxd4 Nxd4 15. Nxd4 Qxd4 16. Qe4 Qxe4 17. Rxe4 Ke7 18. Nc3 Rhd8 19. d4 Rac8 20. Re3 Bc6 21. Rd1 Bd5 22. Rd2 Rc4 23. h3 Rdc8 24. Nb5 Rc1+ 25. Kh2 R8c2 26. Rxc2 Rxc2 27. Nxa7 Rxf2 0-1


[Site "https://www.chess.com"]

[Event "Titled Tuesday Blitz July 25 Early 2023"]
[White "Molenda, Marcin"]
[Black "Lopez Del Alamo, Antonio"]
[WhiteFideId "1173065"]
[BlackFideId "2227339"]
[WhiteElo "2448"]
[BlackElo "2336"]
[Result "1-0"]
[Round "6"]
[TimeControl "180+2"]
[Date "2023.07.25"]
[WhiteClock "0:01:22"]
[BlackClock "0:00:34"]
[Board "160"]

1. e4 c5 2. c3 e6 3. d4 Nf6 4. e5 Nd5 5. Nf3 d6 6. Bc4 Bd7 7. O-O Bc6 8. Qe2 cxd4 9. cxd4 Nd7 10. Nc3 N7b6 11. Bb3 Be7 12. Ne4 Rc8 13. Bg5 f6 14. exf6 gxf6 15. Bd2 Qd7 16. Nc3 Kf7 17. Rfe1 Rce8 18. Nh4 Bf8 19. Qh5+ Ke7 20. Nxd5+ Nxd5 21. Bxd5 Bxd5 22. Qxd5 Rg8 23. Nf5+ Kd8 24. Qb3 exf5 25. Rxe8+ Qxe8 26. Qxg8 1-0


[Site "https://www.chess.com"]

[Event "Titled Tuesday Blitz July 25 Early 2023"]
[White "Rakitic2010"]
[Black "Osinovsky, Stepan"]
[BlackFideId "4157354"]
[WhiteElo "2448"]
[BlackElo "2330"]
[Result "0-1"]
[Round "6"]
[TimeControl "180+2"]
[Date "2023.07.25"]
[WhiteClock "0:02:29"]
[BlackClock "0:02:21"]
[Board "161"]

1. e4 e5 2. d4 exd4 3. Qxd4 Nc6 4. Qe3 Nf6 5. Nc3 g6 6. Bd2 Bg7 7. O-O-O O-O 8. h4 d5 9. exd5 Nxd5 10. Nxd5 Qxd5 11. Kb1 Bf5 12. h5 Nb4 13. Bd3 Qxa2+ 0-1


[Site "https://www.chess.com"]

[Event "Titled Tuesday Blitz July 25 Early 2023"]
[White "arturdailima"]
[Black "Avazkhonov, Alikhon"]
[BlackFideId "14208504"]
[WhiteElo "2316"]
[BlackElo "2446"]
[Result "1-0"]
[Round "6"]
[TimeControl "180+2"]
[Date "2023.07.25"]
[WhiteClock "0:00:08"]
[BlackClock "0:00:02"]
[Board "162"]

1. e4 c5 2. Nf3 d6 3. d4 cxd4 4. Nxd4 Nf6 5. Nc3 a6 6. f3 e5 7. Nb3 h5 8. Be3 Be6 9. Qd2 Nbd7 10. Nd5 Nxd5 11. exd5 Bf5 12. Be2 Be7 13. O-O O-O 14. Na5 Qc7 15. c4 Rfc8 16. b4 Bd8 17. Nb3 b6 18. a4 Qb7 19. a5 bxa5 20. Nxa5 Bxa5 21. Rxa5 Nb6 22. Rc1 Rab8 23. c5 Nxd5 24. Bxa6 Qxb4 25. Qxb4 Nxb4 26. Bxc8 Rxc8 27. cxd6 Rd8 28. Rxe5 g6 29. Rd1 f6 30. Rb5 Nc6 31. Rb6 Ne5 32. Rd4 Nd7 33. Rb7 Re8 34. Kf2 Kf7 35. Rc4 Ke6 36. g4 Bd3 37. Rcc7 Rd8 38. Bf4 g5 39. Be3 hxg4 40. fxg4 Kxd6 41. Rc3 Bg6 42. Kg3 Ne5 43. Rb6+ Ke7 44. Bc5+ Kf7 45. Rb7+ Kg8 46. Be7 Rd1 47. Bxf6 Nd3 48. Bxg5 Rg1+ 49. Kh4 Nf2 50. Rc8+ 1-0


[Site "https://www.chess.com"]